 Dungeon Crawl Stone Soup version bcrawl-1.28 (webtiles) character file.

Game seed: 4523451095285155433

254621 Kalegnar the Skirmisher (level 7, -2/62 HPs)
             Began as a Grey Draconian Berserker on Nov 12, 2020.
             Was a Priest of Trog.
             Slain by an orc warrior
             ... wielding a +0 trident
              (15 damage)
             ... on level 4 of the Dungeon.
             The game lasted 00:11:10 (3260 turns).

Kalegnar the Skirmisher (Grey Draconian Berserker)  Turns: 3260, Time: 00:11:11

Health: -2/62      AC: 12    Str: 21    XL:     7   Next: 45%
Magic:  7/7        EV: 19    Int:  7    God:    Trog [***...]
Gold:   189        SH:  0    Dex: 11    Spells: 6/6 levels left

rFire    . . .     SeeInvis .   a - +0 mace
rCold    . . .     Gourm    .   (no shield)
rNeg     . . .     Faith    .   (armour unavailable)
rPois    .         Spirit   .   (helmet restricted)
rElec    .         Reflect  .   (no cloak)
rCorr    .         Harm     .   x - +0 pair of gloves
MR       .....                  (no boots)
Stlth    +.........             (no amulet)
HPRegen  0.20/turn              i - +6 ring of evasion
MPRegen  0.10/turn              (no ring)

@: no status effects
A: walk through water, unfitting armour, unbreathing, cold-blooded, AC +11
a: Berserk, Trog's Hand, Renounce Religion


You were on level 4 of the Dungeon.
You worshipped Trog.
Trog was most pleased with you.
You were very hungry.

You visited 1 branch of the dungeon, and saw 4 of its levels.

You collected 189 gold pieces.

Inventory:

Hand Weapons
 a - a +0 mace (weapon)
Missiles
 k - 88 poisoned tomahawks (quivered)
 s - 653 stones
Armour
 x - a +0 pair of gloves (worn)
Jewellery
 i - a +6 ring of evasion (left hand)
Wands
 u - a wand of polymorph (4)
 w - a wand of acid (5)
Scrolls
 h - a scroll of noise {unknown}
 n - a scroll of enchant armour {unknown}
 o - a scroll of amnesia {unknown}
 p - a scroll of fear
 q - 3 scrolls of teleportation {unknown}
 t - a scroll of fog {unknown}
 v - 2 scrolls of magic mapping {unknown}
Potions
 b - a potion of lignification {unknown}
 c - 4 potions of curing
 d - 3 potions of degeneration {unknown}
 f - a potion of berserk rage
 g - a potion of mutation
 j - a potion of experience {unknown}
 l - a potion of ambrosia {unknown}
 m - 2 potions of agility {unknown}
 r - a potion of heal wounds {unknown}
Comestibles
 e - 4 rations {!d}


   Skills:
 + Level 5.8 Fighting
 + Level 5.2 Maces & Flails
 + Level 3.5 Throwing
 - Level 4.0 Dodging
 + Level 1.0 Evocations


You had 6 spell levels left.
You didn't know any spells.
Your spell library was empty.

Dungeon Overview and Level Annotations

Branches:
Dungeon (4/12)
 Temple: D:4-7

Altars:
Cheibriados
Hepliaklqana
Makhleb
Nemelex Xobeh
Ru
Sif Muna
Trog
Uskayaw
Vehumet
Zin


Innate Abilities, Weirdness & Mutations

You can walk through water.
Your dull iron-grey scales are very hard. (AC +11)
You cannot fit into any form of body armour.
You can survive without breathing.
You are cold-blooded and may be slowed by cold attacks.


Message History

You throw a poisoned tomahawk.
The poisoned tomahawk closely misses the orc warrior.
The orc warrior closely misses you.
Throwing (i - inventory. (/) - cycle)
k - 90 poisoned tomahawks (quivered)
Press: ? - help, Shift-Dir - straight line, f/p - orc warrior
Aim: an orc warrior, wielding a +0 trident and wearing a +0 chain mail (heavily wounded)
You throw a poisoned tomahawk.
The poisoned tomahawk hits the orc warrior but does no damage.
The orc warrior is heavily wounded.
The orc warrior hits you with a +0 trident.
* * * LOW HITPOINT WARNING * * *
Throwing (i - inventory. (/) - cycle)
k - 89 poisoned tomahawks (quivered)
Press: ? - help, Shift-Dir - straight line, f/p - orc warrior
Aim: an orc warrior, wielding a +0 trident and wearing a +0 chain mail (heavily wounded)
You throw a poisoned tomahawk.
The poisoned tomahawk hits the orc warrior.
The orc warrior is poisoned.
The orc warrior is heavily wounded.
The orc warrior hits you with a +0 trident!
You die...

.........#.# ##..##
#####..#.#.############...#
......................<...#
##รท######.................## #.#
.....####.....####....#
##.#####..# ##...##./#....#
....:..#..# ##.##...#.#..##
..........## #.#o).##.#...#
...###.....## +#@#'.##......#
...# #......###..o###....#..# ###
...# #..........8........#..# #..
...###......###...###...###.###.#
...'.......## +#.#+ ##..# #..##.#
...##.....## #.# ##.# #..##.#
...##.....# ##.## #.# #...#.#
...##.....# ##...## #.# #...#.#
#####.....####.....####.# ##..#.#


You could see an orc warrior.

Vanquished Creatures
  Sigmund (D:2)
  An ice beast (D:4)
  2 ogres
  A bullfrog (D:4)
  A howler monkey (D:4)
  A hound (D:4)
  3 worker ants (D:4)
  A gnoll (D:4)
  2 adders (D:4)
  An ooze (D:2)
  An adder skeleton (D:4)
  4 worms
  4 dart slugs
  2 leopard geckos
  4 orcs (D:3)
  6 bats
  2 giant cockroaches
  5 goblins
  12 hobgoblins
  5 jackals
  A quokka (D:4)
  2 ball pythons (D:2)
  3 frilled lizards
  8 kobolds
  7 rats
80 creatures vanquished.

Notes
Turn   | Place    | Note
-------+----------+-------------------------------------------
     0 | D:1      | Kalegnar the Draconian Berserker began the quest for the
                  | Orb.
     0 | D:1      | Reached XP level 1. HP: 19/19 MP: 1/1
   106 | D:1      | Reached XP level 2. HP: 26/26 MP: 2/2
   543 | D:1      | Reached XP level 3. HP: 33/33 MP: 3/3
   773 | D:2      | Noticed an ogre
   786 | D:2      | Killed an ogre
   786 | D:2      | Reached skill level 1 in Throwing
   786 | D:2      | Reached XP level 4. HP: 40/40 MP: 4/4
   942 | D:2      | Reached ** piety under Trog
  1025 | D:2      | Noticed Sigmund
  1040 | D:2      | Killed Sigmund
  1040 | D:2      | Reached XP level 5. HP: 25/47 MP: 5/5
  1040 | D:2      | Reached XP level 6. HP: 29/55 MP: 6/6
  1302 | D:2      | Found a shimmering blue altar of Sif Muna.
  1800 | D:3      | Found a burning altar of Makhleb.
  1872 | D:3      | Found a sacrificial altar of Ru.
  1994 | D:3      | Reached skill level 5 in Fighting
  2285 | D:3      | Found a hazy altar of Hepliaklqana.
  2285 | D:3      | Found a radiant altar of Vehumet.
  2287 | D:3      | Found a bloodstained altar of Trog.
  2291 | D:3      | Found a hide-covered altar of Uskayaw.
  2292 | D:3      | Found a glowing silver altar of Zin.
  2298 | D:3      | Found a snail-covered altar of Cheibriados.
  2784 | D:4      | Reached *** piety under Trog
  2796 | D:4      | Found a sparkling altar of Nemelex Xobeh.
  2806 | D:4      | Your scales start taking on a dull iron-grey colour.
  2806 | D:4      | Reached XP level 7. HP: 61/61 MP: 7/7
  2806 | D:4      | Gained mutation: You can survive without breathing. [Grey
                  | Draconian growth]
  2889 | D:4      | Reached skill level 5 in Maces & Flails
  3248 | D:4      | Reached skill level 1 in Evocations
  3260 | D:4      | Slain by an orc warrior

Skill      XL: |  1  2  3  4  5  6  7 |
---------------+----------------------+-----
Dodging        | 3 4 |  4.0
Fighting       | 4 5 |  5.8
Throwing       | 1 2 3 |  3.5
Maces & Flails | 4 5 |  5.2
Evocations     | 1 |  1.0

Action                   |  1- 3 |  4- 6 |  7- 9 || total
-------------------------+-------+-------+-------++-------
Melee: Mace              |    73 |   116 |    71 ||   260
       Tailslap          |     9 |    15 |    11 ||    35
Throw: Tomahawk          |     3 |     2 |     4 ||     9
       Stone             |       |    59 |    16 ||    75
Invok: Berserk           |     1 |     1 |       ||     2
  Use: Scroll            |       |     4 |       ||     4
 Stab: Sleeping          |     1 |     1 |       ||     2
  Eat: Chunk             |     2 |    13 |     2 ||    17
Armor: Skin              |    20 |    26 |    18 ||    64
Dodge: Dodged            |    51 |    73 |    72 ||   196
